A- EAST
FAYETTEVILLE WOODPECKERS @ COLUMBIA FIREFLIES
08/16/2041
 
TOP OF THE 1ST
Fayetteville Woodpeckers batting - Pitching for Columbia Fireflies : RHP Doug Bland
Pitching: RHP Doug Bland
Batting: LHB Dave Branch 0-0: Called Strike
0-1: Foul Ball, location: 5F
0-2: Foul Ball, location: 2F
0-2: Ball
1-2: Strikes out swinging
Batting: RHB Dave Martin 0-0: Ball
1-0: Foul Ball, location: 7LSF
1-1: DOUBLE (Flyball, 89XD, EV 100.0 MPH)
Batting: RHB Mario Rivera 0-0: Swinging Strike
0-1: Ball
1-1: Fly out, F7 (Flyball, 7, EV 91.3 MPH)
Batting: RHB Ron Ortíz 0-0: Ball
1-0: Called Strike
1-1: Foul Ball, location: 2F
1-2: Strikes out swinging
Top of the 1st over - 0 runs, 1 hit, 0 errors, 1 left on base; Fayetteville 0 - Columbia 0
BOTTOM OF THE 1ST
Columbia Fireflies batting - Pitching for Fayetteville Woodpeckers : LHP Bob Bennett
Pitching: LHP Bob Bennett
Batting: RHB Kevin Ortíz 0-0: Called Strike
0-1: Swinging Strike
0-2: Ball
1-2: Foul Ball, location: 3F
1-2: Ground out 4-3 (Groundball, 4MS, EV 68.8 MPH)
Batting: RHB Sancho Hernández 0-0: Ball
1-0: Foul Ball, location: 7LDF
1-1: Foul Ball, location: 7LSF
1-2: Ball
2-2: Ball
3-2: Foul Ball, location: 7LMF
3-2: Foul Ball, location: 9LSF
3-2: Base on Balls
Batting: RHB Jim Hart 0-0: Called Strike
0-1: Called Strike
0-2: Foul Ball, location: 25F
0-2: Strikes out swinging
Batting: LHB Luis Ramos 0-0: Called Strike
0-1: Foul Ball, location: 3F
0-2: Fly out, F8 (Flyball, 8LD, EV 109.4 MPH)
Bottom of the 1st over - 0 runs, 0 hits, 0 errors, 1 left on base; Fayetteville 0 - Columbia 0
TOP OF THE 2ND
Fayetteville Woodpeckers batting - Pitching for Columbia Fireflies : RHP Doug Bland
Batting: RHB António Méndez 0-0: Ball
1-0: Foul Ball, location: 9LDF
1-1: Ball
2-1: Foul Ball, location: 2LF
2-2: Strikes out swinging
Batting: LHB Don Caldwell 0-0: Swinging Strike
0-1: Ball
1-1: Foul Ball, location: 2F
1-2: Ball
2-2: Strikes out swinging
Batting: RHB Ben Jacobson 0-0: Ball
1-0: Foul Ball, location: 25F
1-1: Called Strike
1-2: Ball
2-2: SINGLE (Line Drive, 4D, EV 97.5 MPH)
Batting: RHB Iván Álvarez 0-0: Foul Ball, location: 2F
0-1: Hit by Pitch
Ben Jacobson to second
Batting: RHB Tim Brown 0-0: Ball
1-0: Ball
2-0: Called Strike
2-1: Ball
3-1: SINGLE (Line Drive, 5D, EV 101.3 MPH)
Ben Jacobson to third
Iván Álvarez to second
Runner from 3rd tries for Home, SAFE, throw by LF to home
Batting: LHB Dave Branch 0-0: Called Strike
0-1: Called Strike
0-2: Ball
1-2: SINGLE (Groundball, 4MD, EV 96.9 MPH)
Iván Álvarez to third
Tim Brown to second
Runner from 3rd tries for Home, SAFE, throw by CF to home
Tim Brown to third
Dave Branch to second
Batting: RHB Dave Martin 0-0: Called Strike
0-1: Ball
1-1: Ball
2-1: Called Strike
2-2: Strikes out swinging
Top of the 2nd over - 2 runs, 3 hits, 0 errors, 2 left on base; Fayetteville 2 - Columbia 0
BOTTOM OF THE 2ND
Columbia Fireflies batting - Pitching for Fayetteville Woodpeckers : LHP Bob Bennett
Batting: RHB Luis Rivera 0-0: Ball
1-0: Foul Ball, location: 2RF
1-1: Called Strike
1-2: Strikes out looking
Batting: RHB Juan Vera 0-0: Called Strike
0-1: Ground out 5-3 (Groundball, 56, EV 80.0 MPH)
Batting: LHB Jon Márquez 0-0: Called Strike
0-1: Ball
1-1: Ball
2-1: SINGLE (Line Drive, 9S, EV 100.0 MPH)
Batting: RHB Ron Shaw 0-0: Ball
1-0: SINGLE (Line Drive, 78S, EV 87.5 MPH)
Jon Márquez to second
Batting: RHB Ánibal Viera 0-0: Ball
1-0: Called Strike
1-1: Foul Ball, location: 9LSF
1-2: Ball
2-2: Ball
3-2: Base on Balls
Jon Márquez to third
Ron Shaw to second
Batting: RHB Kevin Ortíz 0-0: Called Strike
0-1: Ball
1-1: Ball
2-1: Swinging Strike
2-2: Foul Ball, location: 2F
2-2: Strikes out swinging
Bottom of the 2nd over - 0 runs, 2 hits, 0 errors, 3 left on base; Fayetteville 2 - Columbia 0
TOP OF THE 3RD
Fayetteville Woodpeckers batting - Pitching for Columbia Fireflies : RHP Doug Bland
Batting: RHB Mario Rivera 0-0: Called Strike
0-1: Swinging Strike
0-2: Ball
1-2: Foul Ball, location: 3F
1-2: Ball
2-2: Strikes out swinging
Batting: RHB Ron Ortíz 0-0: Ball
1-0: Swinging Strike
1-1: Ball
2-1: Ball
3-1: Base on Balls
Batting: RHB António Méndez 0-0: Ball
1-0: Ball
2-0: Called Strike
2-1: SINGLE (Line Drive, 56, EV 98.8 MPH)
Ron Ortíz to second
Batting: LHB Don Caldwell 0-0: Swinging Strike
0-1: Called Strike
0-2: Strikes out looking
Batting: RHB Ben Jacobson 0-0: Swinging Strike
0-1: Fielders Choice at 2nd, 5-4 (Groundball, 56, EV 103.8 MPH)
Top of the 3rd over - 0 runs, 1 hit, 0 errors, 2 left on base; Fayetteville 2 - Columbia 0
BOTTOM OF THE 3RD
Columbia Fireflies batting - Pitching for Fayetteville Woodpeckers : LHP Bob Bennett
Batting: RHB Sancho Hernández 0-0: Ball
1-0: Ball
2-0: Ground out 6-3 (Groundball, 6, EV 94.4 MPH)
Batting: RHB Jim Hart 0-0: Called Strike
0-1: Ball
1-1: Ball
2-1: Swinging Strike
2-2: Ball
3-2: Base on Balls
Batting: LHB Luis Ramos 0-0: Ball
1-0: Called Strike
1-1: Called Strike
1-2: Foul Ball, location: 5F
1-2: Strikes out swinging
Batting: RHB Luis Rivera 0-0: Ball
1-0: Foul Ball, location: 5F
1-1: Called Strike
1-2: SINGLE (Groundball, 6MD, EV 103.1 MPH)
Jim Hart to second
Runner from 2nd tries for 3rd, SAFE, throw by CF made to third
Batting: RHB Juan Vera 0-0: Fly out, F4 (Line Drive, 4, EV 63.1 MPH)
Bottom of the 3rd over - 0 runs, 1 hit, 0 errors, 2 left on base; Fayetteville 2 - Columbia 0
TOP OF THE 4TH
Fayetteville Woodpeckers batting - Pitching for Columbia Fireflies : RHP Doug Bland
Batting: RHB Iván Álvarez 0-0: Ball
1-0: Swinging Strike
1-1: Fly out, F8 (Flyball, 8LM, EV 90.6 MPH)
Batting: RHB Tim Brown 0-0: Ball
1-0: Called Strike
1-1: Foul Ball, location: 7LSF
1-2: Foul Ball, location: 9LDF
1-2: Ball
2-2: Ball
3-2: Ground out 6-3 (Groundball, 56, EV 83.8 MPH)
Batting: LHB Dave Branch 0-0: Called Strike
0-1: Swinging Strike
0-2: Ball
1-2: Ground out 6-3 (Groundball, 6MD, EV 108.8 MPH)
Top of the 4th over - 0 runs, 0 hits, 0 errors, 0 left on base; Fayetteville 2 - Columbia 0
BOTTOM OF THE 4TH
Columbia Fireflies batting - Pitching for Fayetteville Woodpeckers : LHP Bob Bennett
Batting: LHB Jon Márquez 0-0: Ground out 1-3 (Groundball, 34S, EV 68.8 MPH)
Batting: RHB Ron Shaw 0-0: Foul Ball, location: 2F
0-1: Fly out, F8 (Line Drive, 8RM, EV 90.0 MPH)
Batting: RHB Ánibal Viera 0-0: Swinging Strike
0-1: Ball
1-1: Ball
2-1: Foul Ball, location: 2F
2-2: Strikes out swinging
Bottom of the 4th over - 0 runs, 0 hits, 0 errors, 0 left on base; Fayetteville 2 - Columbia 0
TOP OF THE 5TH
Fayetteville Woodpeckers batting - Pitching for Columbia Fireflies : RHP Doug Bland
Batting: RHB Dave Martin 0-0: Ball
1-0: Ball
2-0: Foul Ball, location: 7LSF
2-1: Ground out 4-3 (Groundball, 4, EV 85.6 MPH)
Batting: RHB Mario Rivera 0-0: Called Strike
0-1: Ball
1-1: Ball
2-1: Foul Ball, location: 2F
2-2: SINGLE (Groundball, 4D, EV 94.4 MPH)
Pitching: RHP Luis Cabrera
Batting: RHB Ron Ortíz 0-0: Called Strike
0-1: Fly out, F7 (Flyball, 7D, EV 103.1 MPH)
Batting: RHB António Méndez 0-0: Foul Ball, location: 23F
0-1: Ball
1-1: Foul Ball, location: 9LMF
1-2: Ball
Mario Rivera steals 2nd base
2-2: Strikes out swinging
Top of the 5th over - 0 runs, 1 hit, 0 errors, 1 left on base; Fayetteville 2 - Columbia 0
BOTTOM OF THE 5TH
Columbia Fireflies batting - Pitching for Fayetteville Woodpeckers : LHP Bob Bennett
Batting: RHB Kevin Ortíz 0-0: Swinging Strike
0-1: Called Strike
0-2: Ball
1-2: Strikes out swinging
Batting: RHB Sancho Hernández 0-0: Ball
1-0: Ball
2-0: Swinging Strike
2-1: Foul Ball, location: 5FF
2-2: Ball
3-2: Base on Balls
Batting: RHB Jim Hart 0-0: Called Strike
0-1: Ball
1-1: Called Strike
1-2: Ball
2-2: Foul Ball, location: 2F
2-2: Fly out, F7 (Flyball, 78M, EV 97.5 MPH)
Batting: LHB Luis Ramos 0-0: Ball
1-0: Ball
2-0: Ground out 4-3 (Groundball, 34S, EV 86.9 MPH)
Bottom of the 5th over - 0 runs, 0 hits, 0 errors, 1 left on base; Fayetteville 2 - Columbia 0
TOP OF THE 6TH
Fayetteville Woodpeckers batting - Pitching for Columbia Fireflies : RHP Luis Cabrera
Batting: LHB Don Caldwell 0-0: Fly out, F7 (Line Drive, 78D, EV 90.6 MPH)
Batting: RHB Ben Jacobson 0-0: Ball
1-0: Ball
2-0: Called Strike
2-1: Ball
3-1: Called Strike
3-2: Fly out, F7 (Flyball, 7, EV 77.5 MPH)
Batting: RHB Iván Álvarez 0-0: Ball
1-0: Foul Ball, location: 2F
1-1: Ground out 6-3 (Groundball, 6, EV 88.1 MPH)
Top of the 6th over - 0 runs, 0 hits, 0 errors, 0 left on base; Fayetteville 2 - Columbia 0
BOTTOM OF THE 6TH
Columbia Fireflies batting - Pitching for Fayetteville Woodpeckers : LHP Bob Bennett
Batting: RHB Luis Rivera 0-0: Called Strike
0-1: Ball
1-1: Ball
2-1: Swinging Strike
2-2: Strikes out swinging
Batting: RHB Juan Vera 0-0: Ball
1-0: Ball
2-0: SOLO HOME RUN (Flyball, 7D, EV 95.6 MPH), Distance : 369 ft
Batting: LHB Jon Márquez 0-0: Foul Ball, location: 2F
0-1: Foul Ball, location: 7LSF
0-2: Ball
1-2: Ball
2-2: Fly out, F6 (Popup, 6, EV 64.4 MPH)
Batting: RHB Ron Shaw 0-0: Foul Ball, location: 9LDF
0-1: Foul Ball, location: 7LDF
0-2: Ground out 5-3 (Groundball, 56, EV 87.5 MPH)
Bottom of the 6th over - 1 run, 1 hit, 0 errors, 0 left on base; Fayetteville 2 - Columbia 1
TOP OF THE 7TH
Fayetteville Woodpeckers batting - Pitching for Columbia Fireflies : RHP Luis Cabrera
Batting: RHB Tim Brown 0-0: Ball
1-0: Fly out, F9 (Flyball, 9, EV 101.3 MPH)
Batting: LHB Dave Branch 0-0: Ball
1-0: Ball
2-0: Ball
3-0: Called Strike
3-1: Foul Ball, location: 23F
3-2: SOLO HOME RUN (Flyball, 8RXD, EV 103.1 MPH), Distance : 429 ft
Batting: RHB Dave Martin 0-0: Called Strike
0-1: Ball
1-1: Called Strike
1-2: SINGLE (Groundball, 3D, EV 97.5 MPH)
Batting: RHB Mario Rivera 0-0: Ball
1-0: Ground out U3 (Groundball, 3S, EV 68.1 MPH)
Dave Martin to second
Batting: RHB Ron Ortíz 0-0: Foul Ball, location: 7LMF
0-1: Ball
1-1: Foul Ball, location: 5DF
1-2: Foul Ball, location: 2F
1-2: Fly out, F4 (Line Drive, 4M, EV 71.3 MPH)
Top of the 7th over - 1 run, 2 hits, 0 errors, 1 left on base; Fayetteville 3 - Columbia 1
BOTTOM OF THE 7TH
Columbia Fireflies batting - Pitching for Fayetteville Woodpeckers : LHP Bob Bennett
Pitching: RHP Juan Padilla
Pinch Hitting: RHB Scotty Campbell 0-0: Called Strike
0-1: Called Strike
0-2: Ball
1-2: Ball
2-2: Strikes out swinging
Batting: RHB Kevin Ortíz 0-0: Ball
1-0: Called Strike
1-1: Fly out, F9 (Flyball, 89S, EV 91.9 MPH)
Pinch Hitting: RHB Alfredo Díaz 0-0: Called Strike
0-1: Called Strike
0-2: Ball
1-2: Ball
2-2: Strikes out swinging
Bottom of the 7th over - 0 runs, 0 hits, 0 errors, 0 left on base; Fayetteville 3 - Columbia 1
TOP OF THE 8TH
Fayetteville Woodpeckers batting - Pitching for Columbia Fireflies : RHP Luis Cabrera
Now at 1B: Darren Palmer
Now in LF: Scotty Campbell
Batting: RHB António Méndez 0-0: Fly out, F9 (Flyball, 89S, EV 96.9 MPH)
Batting: LHB Don Caldwell 0-0: SINGLE (Line Drive, 4MD, EV 93.8 MPH)
Batting: RHB Ben Jacobson 0-0: Ball
Wild Pitch!
Don Caldwell to second
1-0: Intentional Walk
Batting: RHB Iván Álvarez 0-0: Called Strike
0-1: Swinging Strike
0-2: Ball
1-2: Strikes out looking
Batting: RHB Tim Brown 0-0: SINGLE (Groundball, 4MD, EV 96.3 MPH)
Don Caldwell to third
Ben Jacobson to second
Runner from 3rd tries for Home, SAFE, throw by CF to home
Batting: LHB Dave Branch 0-0: Ground out 1-3 (Groundball, 13S, EV 63.8 MPH)
Top of the 8th over - 1 run, 2 hits, 0 errors, 2 left on base; Fayetteville 4 - Columbia 1
BOTTOM OF THE 8TH
Columbia Fireflies batting - Pitching for Fayetteville Woodpeckers : RHP Juan Padilla
Batting: RHB Jim Hart 0-0: Ball
1-0: Ground out 5-3 (Groundball, 56S, EV 68.1 MPH)
Batting: LHB Luis Ramos 0-0: Called Strike
0-1: Ball
1-1: Ball
2-1: Ball
3-1: Called Strike
3-2: Foul Ball, location: 3DF
3-2: Strikes out looking
Pinch Hitting: LHB José González 0-0: Ball
1-0: Called Strike
1-1: Called Strike
1-2: Strikes out swinging
Bottom of the 8th over - 0 runs, 0 hits, 0 errors, 0 left on base; Fayetteville 4 - Columbia 1
TOP OF THE 9TH
Fayetteville Woodpeckers batting - Pitching for Columbia Fireflies : RHP Luis Cabrera
Now in LF: Tony Owens
Now in RF: Scotty Campbell
Batting: RHB Dave Martin 0-0: Ground out 6-3 (Groundball, 6, EV 95.6 MPH)
Batting: RHB Mario Rivera 0-0: Fly out, F7 (Line Drive, 7S, EV 105.6 MPH)
Batting: RHB Ron Ortíz 0-0: Ball
1-0: Ball
2-0: Foul Ball, location: 9LSF
2-1: Foul Ball, location: 3F
2-2: Ground out 5-3 (Groundball, 56, EV 89.4 MPH)
Top of the 9th over - 0 runs, 0 hits, 0 errors, 0 left on base; Fayetteville 4 - Columbia 1
BOTTOM OF THE 9TH
Columbia Fireflies batting - Pitching for Fayetteville Woodpeckers : RHP Juan Padilla
Pitching: RHP José Rodríguez
Now at 1B: António Méndez
Now in LF: José Torrez
Now in RF: Don Caldwell
Pinch Hitting: RHB Chris Robbins 0-0: Ball
1-0: Foul Ball, location: 23F
1-1: Ground out 4-3 (Groundball, 4, EV 85.0 MPH)
Batting: RHB Jorge Morín 0-0: Swinging Strike
0-1: Foul Ball, location: 2F
0-2: Ball
1-2: Ground out 6-3 (Groundball, 56, EV 78.8 MPH)
Pinch Hitting: RHB Rodrigo Jiménez 0-0: Ball
1-0: Swinging Strike
1-1: Ball
2-1: Ball
3-1: Base on Balls
Batting: RHB Scotty Campbell 0-0: Ball
1-0: Called Strike
1-1: Ball
2-1: Ball
3-1: Base on Balls
Rodrigo Jiménez to second
Batting: RHB Kevin Ortíz 0-0: Ball
1-0: Foul Ball, location: 2F
1-1: Ball
2-1: Ball
3-1: Foul Ball, location: 2F
3-2: Fly out, F7 (Flyball, 78M, EV 91.3 MPH)
Bottom of the 9th over - 0 runs, 0 hits, 0 errors, 2 left on base; Fayetteville 4 - Columbia 1
Monday, April 1st , 2024 - OOTP Baseball 24.10 Build 82